AoeStats
← E-d-d-i-e91G

MegaRandom

509602921Analyzed
2v2 RM · 6d ago on Sep 27, 2026· 84m 55s· 4 players
Game mode
Random Map
Map size
Medium (4 player)
Population
200
Speed
Normal
Resources
Standard
Victory
Conquest
Starting age
Dark Age
Ending age
Imperial Age
RankedLock teamsTeams togetherTeam positionsShared explorationLock speedFull tech treeHidden civsTurbo modeCheats
Victory
Defeat
🇫🇷 Khmer · France
589
+10
🇷🇺 Slavs · Russia
419
+17
🇦🇺 Goths · Australia
456
-14
🇦🇺 Tupi · Australia
438
-13
NR | Nightmare?
12:37 Feudal Age
13:41 Double-Bit Axe
18:31 Wheelbarrow
17:37 Man-at-Arms
*****_predator
14:28 Feudal Age
14:59 Double-Bit Axe
15:09 Town Watch
15:21 Horse Collar
15:29 Man-at-Arms
17:08 Wheelbarrow
17:34 Gold Mining
18:27 Forging
19:33 Arson
23:29 Castle Age
22:24 Scale Mail Armor
26:30 Iron Casting
29:02 Long Swordsman
31:53 Hand Cart
34:49 Pikeman
38:59 Town Patrol
44:14 Chain Mail Armor
46:56 Imperial Age
47:46 Ballistics
50:03 Double Crossbow
50:24 Conscription
49:29 Elite Ballista Elephant
50:10 Tusk Swords
50:33 Two-Handed Swordsman
50:34 Halberdier
50:40 Halberdier
50:41 Two-Handed Swordsman
52:50 Blast Furnace
52:02 Stone Mining
53:00 Fletching
54:04 Gold Shaft Mining
53:48 Bow Saw
55:10 Heavy Scorpion
55:22 Heavy Scorpion
56:06 Padded Archer Armor
57:38 Chemistry
56:58 Masonry
57:11 Murder Holes
57:36 Siege Engineers
58:17 Heated Shot
61:42 Hoardings
64:41 Capped Ram
65:45 Siege Ram
73:26 Spies/Treason
79:05 Architecture
78:46 Fortified Wall
79:05 Bodkin Arrow
79:26 Leather Archer Armor
79:19 Scale Barding Armor
E-d-d-i-e91G
10:47 Feudal Age
16:09 Double-Bit Axe
16:06 Horse Collar
17:25 Padded Archer Armor
17:17 Fletching
23:05 Wheelbarrow
22:18 Loom
29:01 Castle Age
43:53 Ballistics
43:51 Gold Mining
44:49 Bow Saw
46:47 Heavy Plow
47:56 Hand Cart
50:03 Bodkin Arrow
57:00 Imperial Age
57:31 Town Watch
66:08 Hoardings
65:04 Elite Blackwood Archer
IAMASTROMAN9714
10:43 Feudal Age
11:44 Double-Bit Axe
15:04 Wheelbarrow
14:35 Man-at-Arms
25:08 Castle Age
24:59 Forging
28:08 Husbandry
29:55 Long Swordsman
32:45 Gold Mining
37:47 Bow Saw
37:41 Scale Mail Armor
38:18 Iron Casting
37:50 Scale Barding Armor
44:52 Chain Mail Armor
46:21 Elite Skirmisher
48:17 Chain Barding Armor
52:28 Hand Cart
52:07 Fletching
52:18 Padded Archer Armor
57:59 Imperial Age
58:27 Bloodlines
58:16 Two-Handed Swordsman
60:42 Cavalier
61:28 Squires
64:08 Pikeman
64:49 Squires
65:56 Halberdier
Connection lost

Rejoining the realm…

Still unreachable

The connection could not be restored.

Session expired

The server has moved on; the page needs a fresh start.